 Dungeon Crawl Stone Soup version 0.29.1-15-g9cfb28693d (webtiles) character file.

Game seed: 9896853362178591497

334 Artool the Trooper (level 6, -5/49 HPs)
             Began as a Demonspawn Fighter on Apr 7, 2023.
             Slain by an ogre
             ... wielding a +0 giant spiked club
              (30 damage)
             ... on level 3 of the Dungeon.
             The game lasted 00:06:55 (2877 turns).

Artool the Trooper (Demonspawn Fighter)             Turns: 2877, Time: 00:06:56

Health: -5/49      AC: 10    Str: 18    XL:     6   Next: 27%
Magic:  6/6        EV:  9    Int:  9    God:
Gold:   189        SH:  4    Dex: 13    Spells: 5/5 levels left

rFire   + . .      SeeInvis .   u - +0 whip
rCold   x . .      Faith    .   c - +0 buckler
rNeg    . . .      Spirit   .   b - +0 scale mail
rPois   .          Reflect  .   (no helmet)
rElec   .          Harm     .   (no cloak)
rCorr   .          Rampage  .   (no gloves)
Will    .....                   f - +0 pair of boots
Stlth   ..........              x - amulet of regeneration
HPRegen 0.96/turn               e - ring of fire
MPRegen 0.10/turn               h - ring of wizardry

@: no status effects
A: slimy green scales 1, powered by death 2
a: no special abilities


You were on level 3 of the Dungeon.
You visited 1 branch of the dungeon, and saw 4 of its levels.
You also visited: Sewer.

You collected 189 gold pieces.

Inventory:

Hand Weapons
 u - a +0 whip (weapon)
Missiles
 a - 7 poisoned darts (quivered)
Armour
 b - a +0 scale mail (worn)
 c - a +0 buckler (worn)
 f - a +0 pair of boots (worn)
Jewellery
 e - a ring of fire (left hand)
 h - a ring of wizardry (right hand)
 x - an amulet of regeneration (around neck)
Wands
 r - a wand of polymorph (5)
Scrolls
 g - 2 scrolls of fog {unknown}
 j - a scroll of torment {unknown}
 k - 2 scrolls of identify {unknown}
 l - a scroll of enchant weapon {unknown}
 o - a scroll of blinking {unknown}
 p - a scroll of teleportation {unknown}
 t - a scroll of fear {unknown}
 y - a scroll of acquirement {unknown}
Potions
 d - 2 potions of might
 i - a potion of heal wounds
 m - a potion of brilliance {unknown}
 n - a potion of lignification {unknown}
 q - a potion of berserk rage {unknown}
 s - a potion of resistance {unknown}
 v - 2 potions of flight
 w - a potion of curing
 z - a potion of cancellation {unknown}
 A - a potion of mutation {unknown}


   Skills:
 + Level 4.7 Fighting
 + Level 3.7 Maces & Flails
 + Level 4.3 Armour
 - Level 2.6 Shields


You had 5 spell levels left.
You didn't know any spells.
Your spell library contained the following spells:

 Spells                   Type           Power      Damage    Failure   Level
 Call Canine Familiar     Summ           0%         N/A       86%         3
 Portal Projectile        Hex/Tloc       0%         N/A       86%         3
 Summon Guardian Golem    Hex/Summ       0%         N/A       86%         3
 Leda's Liquefaction      Hex/Erth       0%         N/A       99%         4
 Orb of Destruction       Conj           0%         9d5       100%        7
 Spellforged Servitor     Conj/Summ      0%         N/A       100%        7


Dungeon Overview and Level Annotations

Branches:
Dungeon (4/15)              Sewer (visited)
 Temple: D:4-7

Altars:
Cheibriados
Fedhas

Shops:
D:1 [

Annotations:
D:2 1 runed translucent door, Crazy Yiuf


Innate Abilities, Weirdness & Mutations

You are partially covered in slimy green scales. (AC +2)
You regenerate health from kills.


Message History

You climb downwards.
An ogre comes into view. It is wielding a +0 giant spiked club.
The goblin closely misses you. You block the goblin's attack.
There is a stone staircase leading up here.
You closely miss the goblin. The goblin hits you but does no damage.
You completely miss the goblin. You block the goblin's attack.
You whack the goblin!
You kill the goblin!
You barely miss the ogre. You block the ogre's attack.
You hit the ogre.
The ogre is lightly wounded.
You hit the ogre.
The ogre is moderately wounded.
You block the ogre's attack.
You whack the ogre!
The ogre is heavily wounded.
A scorpion comes into view.
You completely miss the ogre.
The ogre is heavily wounded.
You block the ogre's attack.
You hit the ogre.
The ogre is severely wounded.
The ogre hits you with a +0 giant spiked club!!
Ouch! That really hurt!
You are too injured to fight recklessly!
You are too injured to fight recklessly!
You are too injured to fight recklessly!
You are too injured to fight recklessly!
You are too injured to fight recklessly!
You are too injured to fight recklessly!
You are too injured to fight recklessly!
You are too injured to fight recklessly!
You are too injured to fight recklessly!
You climb upwards.
There is a stone staircase leading down here.
You hit the ogre but do no damage.
The ogre is severely wounded.
The ogre hits you with a +0 giant spiked club!!
Ouch! That really hurt!
You die...

# #..)..# ##.. # ##..#.#
#... # #.##.# #...
############## #(##.#
#.## .............#
#.##.# #.#
.###########.# #.##.#
#.# ..## #.# #.##.# #.#
P..# #####.######.##.#
#.#
...#####........@O.....#
#.#
.............(.####..###
#.#
.#######.###.....##..#
#.# ...# #.# #......#..#
#.#
.#.############.~....#
#.#
......##~~~~..~~.~##.#
#.#
...####~~≈≈≈≈≈≈.~###.#
#.# ...## #..#########
#.# #.# ....#
#..≈≈≈≈≈≈#####.# #.#


You could see an ogre.

Vanquished Creatures
  A kobold brigand (Sewer)
  A scorpion (D:3)
  Jessica (D:2)
  2 orc wizards (D:3)
  4 adders (D:2)
  3 worms
  2 dart slugs
  5 orcs (D:3)
  6 ball pythons
  6 bats
  6 endoplasms
  6 giant cockroaches
  7 goblins
  2 hobgoblins (D:2)
  A jackal (Sewer)
  8 quokkas
  4 frilled lizards (D:1)
  7 kobolds
  7 rats
79 creatures vanquished.

Vanquished Creatures (others)
  An orc wizard (D:3)
  A fungus (D:2)
  A plant (D:1)
3 creatures vanquished.

Grand Total: 82 creatures vanquished

Notes
Turn   | Place    | Note
-------+----------+-------------------------------------------
     0 | D:1      | Artool the Demonspawn Fighter began the quest for the Orb.
     0 | D:1      | Reached XP level 1. HP: 18/18 MP: 1/1
     6 | D:1      | Found Paffauzu's Antique Armour Shoppe.
   133 | D:1      | Gained mutation: You regenerate a little health from kills.
                  | [demonic ancestry]
   133 | D:1      | Reached XP level 2. HP: 19/24 MP: 2/2
   330 | D:1      | Found a faded altar of an unknown god.
   608 | D:2      | Noticed Jessica
   616 | D:2      | Killed Jessica
   617 | D:2      | Reached XP level 3. HP: 21/29 MP: 3/3
   718 | D:2      | Found a snail-covered altar of Cheibriados.
   762 | D:2      | Gained mutation: You are partially covered in slimy green
                  | scales. (AC +2) [demonic ancestry]
   762 | D:2      | Reached XP level 4. HP: 33/37 MP: 4/4
  1449 | D:2      | Found a runed translucent door.
  1450 | D:2      | Noticed Crazy Yiuf
  1769 | D:3      | Found a glowing drain.
  1798 | Sewer    | Entered a sewer
  1844 | Sewer    | Noticed a kobold brigand
  1863 | Sewer    | Killed a kobold brigand
  1864 | Sewer    | Reached XP level 5. HP: 28/42 MP: 5/5
  2075 | D:3      | Found a blossoming altar of Fedhas.
  2510 | D:3      | Gained mutation: You regenerate health from kills. [demonic
                  | ancestry]
  2510 | D:3      | Reached XP level 6. HP: 46/49 MP: 6/6
  2877 | D:3      | Slain by an ogre

Illustrated notes

Levels and vault maps discovered:
D:1:      dpeg_arrival_rhombus, layout_rooms,
          shapermc_ecumenical_altar_mp_urbaneastern, serial_shops,
          nicolae_shop_waterfront
D:2:      layout_loops_cross, basic_altar, uniq_crazy_yiuf_cottage, uniq_jessica
D:3:      layout_loops_ring, mainiacjoe_overflow_tiny_flanked,
          gup_sewer_entry_pipe
D:4:      layout_loops_ring, trog_book

Skill      XL: |  1  2  3  4  5 |
---------------+----------------+-----
Maces & Flails | 2 3 |  3.7
Armour         | 3 4 |  4.3
Fighting       | 4 |  4.7
Shields        | |  2.6

Action                   |  1- 3 |  4- 6 || total
-------------------------+-------+-------++-------
Melee: Flail             |    73 |   126 ||   199
       Whip              |       |   128 ||   128
Armor: Scale mail        |    39 |   126 ||   165
Dodge: Dodged            |    35 |    93 ||   128
Block: Buckler           |    18 |    54 ||    72
